 Dungeon Crawl Stone Soup version 0.30-a0-297-g0ec75d9ef4 (webtiles) character file.

Game seed: 1097593511673126036

4 lunkers the Charlatan (level 1, 0/17 HPs)
             Began as a Meteoran Wanderer on Oct 20, 2022.
             Slain by a quokka (1 damage)
             ... on level 1 of the Dungeon.
             The game lasted 00:00:37 (207 turns).

lunkers the Charlatan (Meteoran Wanderer)            Turns: 207, Time: 00:00:38

Health: 0/17       AC:  3    Str: 18    XL:     1   Next: 85%
Magic:  2/2        EV: 11    Int:  9    God:
Gold:   0          SH:  4    Dex: 12    Spells: 0/0 levels left

rFire   . . .      SeeInvis .      - Unarmed
rCold   . . .      Faith    .    c - +0 buckler
rNeg    . . .      Spirit   .    e - +0 leather armour
rPois   .          Reflect  .    (no helmet)
rElec   .          Harm     .    h - scarf {shadows}
rCorr   .          Rampage  .    (no gloves)
Will    .....                    (no boots)
Stlth   +.........               (no amulet)
HPRegen 0.22/turn                (no ring)
MPRegen 0.08/turn                (no ring)

@: glowing
A: sense surroundings 1, otherworldly, glowing, explore regen
a: no special abilities


You were on level 1 of the Dungeon.
You visited 1 branch of the dungeon, and saw 1 of its levels.

Inventory:

Hand Weapons
 a - a +0 club
Armour
 c - a +0 buckler (worn)
 e - a +0 leather armour (worn)
 h - a scarf of shadows (worn)
Wands
 f - a wand of light (2)
Potions
 b - a potion of attraction
 d - a potion of brilliance
 g - a potion of curing {unknown}


   Skills:
 - Level 2.1 Fighting
 - Level 1.2 Armour
 - Level 1.2 Dodging
 - Level 1.0 Stealth
 - Level 2.4 Shields
 + Level 1.3 Unarmed Combat
 - Level 3.6 Evocations


You couldn't memorise any spells.
You didn't know any spells.
Your spell library was empty.

Dungeon Overview and Level Annotations

Branches:
Dungeon (1/15) Zot: 389

Altars:


Innate Abilities, Weirdness & Mutations

You passively map a small area around you.
You are easily found by Zot.
You glow in the dark.
You regain HP and MP as you explore.


Message History

The quokka is severely wounded.
The quokka barely misses you.
You hit the quokka but do no damage.
The quokka is severely wounded.
The quokka bites you.
* * * LOW HITPOINT WARNING * * *
You barely miss the quokka.
The quokka is severely wounded.
You block the quokka's attack. The quokka bites you.
* * * LOW HITPOINT WARNING * * *
You closely miss the quokka.
The quokka is severely wounded.
The quokka bites you.
* * * LOW HITPOINT WARNING * * *
You closely miss the quokka.
The quokka is severely wounded.
The quokka barely misses you.
You hit the quokka.
The quokka is almost dead.
You block the quokka's attack.
You closely miss the quokka.
The quokka is almost dead.
You block the quokka's attack.
You barely miss the quokka.
The quokka is almost dead.
The quokka barely misses you.
The quokka bites you but does no damage.
You barely miss the quokka.
The quokka is severely wounded.
The quokka bites you.
* * * LOW HITPOINT WARNING * * *
You barely miss the quokka.
The quokka is severely wounded.
The quokka bites you but does no damage.
You closely miss the quokka.
The quokka is severely wounded.
The quokka bites you.
* * * LOW HITPOINT WARNING * * *
The quokka bites you.
You die...

~.~###~.†# #.#... , ,
,~ ..#~~...######.#.##
,, .~~~....##.........
~~##.....##.###.#.#.
*#...........#.#...
~.~
....##.#######..... ,
#.####.##.#######.###.
#......##.....##......
* *
#...r@..#####.##...~~~
*
#..........##....#.~..
#.##.....#.#..........
#,*#.....#.#.###.~~~~~
* *#.....#...# #.~..>~
* ,, ,.......###>#
#.~.~.. ..###### #.#
#.~.~~~ .. #)# #.~....
, #.# #.~...~


You could see a quokka.

Vanquished Creatures
  A giant cockroach (D:1)
  A goblin (D:1)
  A ball python (D:1)
  A rat (D:1)
4 creatures vanquished.

Notes
Turn   | Place    | Note
-------+----------+-------------------------------------------
     0 | D:1      | lunkers the Meteoran Wanderer began the quest for the Orb.
     0 | D:1      | lunkers set off with the following items: a +0 club, a
                  | potion of attraction, a +0 buckler, a potion of brilliance,
                  | a +0 leather armour, a wand of light (3).
     0 | D:1      | Reached XP level 1. HP: 17/17 MP: 2/2
   160 | D:1      | Reached skill level 1 in Unarmed Combat
   207 | D:1      | Slain by a quokka

Illustrated notes

Levels and vault maps discovered:
D:1:      ebering_trefoil_twist, layout_basic,
          dreamdust_ecumenical_altar_drowned_temple, minmay_tetromino_t2

Skill      XL: |  1 |
---------------+----+-----
Unarmed Combat | 1 |  1.3
Fighting       | |  2.1
Armour         | |  1.2
Dodging        | |  1.2
Stealth        | |  1.0
Shields        | |  2.4
Evocations     | |  3.6

Action                   || total
-------------------------++-------
Melee: Unarmed           ||    39
Evoke: Wand              ||     1
Armor: Leather armour    ||    11
Dodge: Dodged            ||    17
Block: Buckler           ||     6

Table legend: (Time is in decaauts)
 A = Elapsed time spent in this place.
 B = Non-inter-level travel time spent in this place.
 C = Inter-level travel time spent in this place.
 D = Time resting spent in this place.
 E = Time spent auto-exploring this place.
 F = Levels seen in this place.
 G = Mean time per level.
                   A        B        C        D        E       F      G
               +--------+--------+--------+--------+--------+-----+--------+
         Total |    209 |    209 |      0 |      0 |    143 |   1 |  209.0 |
       Dungeon |    209 |    209 |      0 |      0 |    143 |   1 |  209.0 |
               +--------+--------+--------+--------+--------+-----+--------+

Top non-repeatable levels by time:
     D:1: 209 daAuts
